 Dungeon Crawl Stone Soup version 0.30.1 (webtiles) character file.

Game seed: 8677396577232211204

6680 Arctor the Fighter (level 10, 0/141 HPs)
             Began as a Minotaur Fighter on July 13, 2023.
             Was a Believer of Makhleb.
             Killed from afar by an orc wizard (1 damage)
             ... with a puff of flame
             ... on level 8 of the Dungeon.
             The game lasted 00:10:16 (6967 turns).

Arctor the Fighter (Minotaur Fighter)               Turns: 6967, Time: 00:10:17

Health: 0/141      AC: 29    Str: 23 (24) XL:     10   Next: 73%
Magic:  9/9        EV:  2    Int:  5      God:    Makhleb [**....]
Gold:   292        SH:  6    Dex:  8 (11) Spells: 9/9 levels left

rFire   . . .        a - +0 war axe
rCold   . . .        c - +0 buckler
rNeg    . . .        y - melded +3 ring mail
rPois   +            (helmet currently unavailable)
rElec   .            (cloak currently unavailable)
rCorr   .            r - melded +0 pair of gloves
SInv    .            L - melded +1 pair of boots
Will    +....        (no amulet)
Stlth   +            s - +4 ring of protection
HPRegen 0.43/turn    f - ring of willpower
MPRegen 0.11/turn

%: no passive effects
@: tree-form
A: stationary, stasis, torment immunity, boosted hp, (horns 2), (retaliatory
headbutt)
a: Renounce Religion, Minor Destruction


You were on level 8 of the Dungeon.
You worshipped Makhleb.
Makhleb was pleased with you.
You were a tree.
You visited 1 branch of the dungeon, and saw 8 of its levels.

You collected 292 gold pieces.

Inventory:

Hand Weapons
 a - a +0 war axe (weapon)
 t - a +1 spear of chaos
Armour
 b - a +0 scale mail
 c - a +0 buckler (worn)
 r - a +0 pair of gloves (melded)
 y - a +3 ring mail (melded)
 L - a +1 pair of boots (melded)
Jewellery
 d - a ring of protection from cold
 f - a ring of willpower (right branch)
 l - a +6 ring of intelligence
 o - a +6 ring of intelligence
 p - an amulet of guardian spirit
 s - a +4 ring of protection (left branch)
 D - a ring of resist corrosion
 H - a ring of willpower
Wands
 w - a wand of polymorph (6)
 z - a wand of paralysis (5)
 G - a wand of flame (38)
Scrolls
 g - a scroll of torment
 i - 4 scrolls of teleportation
 j - a scroll of enchant weapon {unknown}
 q - 4 scrolls of blinking {unknown}
 u - 2 scrolls of fear {unknown}
 v - a scroll of silence {unknown}
 B - a scroll of summoning {unknown}
 C - 3 scrolls of immolation {unknown}
 E - 2 scrolls of fog {unknown}
 F - a scroll of enchant armour {unknown}
 J - a scroll of identify
Potions
 e - 2 potions of brilliance
 I - a potion of degeneration
 K - 2 potions of lignification


   Skills:
 + Level 10.5 Fighting
 + Level 10.2 Axes
 + Level 10.5 Armour
 + Level 10.5 Shields


You had 9 spell levels left.
You didn't know any spells.
Your spell library contained the following spells:

 Spells                   Type           Power      Damage    Failure   Level
 Foxfire                  Conj/Fire      0%         2x1d4     52%         1
 Lesser Beckoning         Tloc           0%         N/A       65%         2
 Dazzling Flash           Conj/Hex       0%         N/A       87%         3
 Gell's Gravitas          Tloc           0%         N/A       87%         3
 Inner Flame              Hex/Fire       0%         N/A       87%         3
 Teleport Other           Tloc           0%         N/A       87%         3
 Agony                    Necr           0%         N/A       100%        5
 Fireball                 Conj/Fire      0%         3d3       100%        5
 Silence                  Hex/Air        0%         N/A       100%        5
 Yara's Violent Unravell  Hex/Tmut       0%         3d3       100%        5
 Dispersal                Tloc           0%         N/A       100%        6
 Plasma Beam              Fire/Air       0%         2x1d11    100%        6
 Starburst                Conj/Fire      0%         6d3       100%        6
 Enfeeble                 Hex            0%         N/A       100%        7


Dungeon Overview and Level Annotations

Branches:
Dungeon (8/15)             Temple (0/1) D:5            Lair (0/5) D:8

Altars:
Elyvilon
Fedhas
Gozag
Kikubaaqudgha
Makhleb
Sif Muna
Uskayaw
Vehumet
Wu Jian
Xom
Yredelemnul

Shops:
D:4 (

Annotations:
D:7 exclusion: statue
D:8 Erica


Innate Abilities, Weirdness & Mutations

You are a tree.
Your roots penetrate the ground, keeping you stationary.
You cannot be teleported.
You are immune to unholy pain and torment.
Your maximum health is greatly increased.
Your equipment is partially melded.
((You have a pair of horns on your head.))
((You reflexively headbutt those who attack you in melee.))


Message History

The water moccasin is heavily wounded.
You closely miss something.
* * * LOW HITPOINT WARNING * * *
You feel sick.
You are no longer poisoned.
The water moccasin bites you but does no damage.
You hear a zap.
Something tries to affect you, but you resist.
The water moccasin bites you but does no damage.
You miss the water moccasin. You barely miss something.
You hear a zap.
Something tries to affect you, but you resist.
The now-empty wand crumbles to dust.
The water moccasin barely misses you.
You closely miss the water moccasin.
The water moccasin is heavily wounded.
You closely miss something.
The water moccasin bites you but does no damage.
Something hits you but does no damage.
You miss the water moccasin.
The water moccasin is heavily wounded.
You barely miss the orc. You barely miss something.
The water moccasin bites you but does no damage.
The orc hits you but does no damage. Something hits you but does no damage.
The water moccasin bites you but does no damage.
You closely miss the water moccasin. You barely miss the orc.
You barely miss something.
The water moccasin bites you but does no damage.
The orc hits you but does no damage. Something hits you.
* * * LOW HITPOINT WARNING * * *
Something burns you.
* * * LOW HITPOINT WARNING * * *
You barely miss something. You closely miss the orc. You miss something.
You closely miss the water moccasin.
You feel less confused.
The water moccasin bites you but does no damage.
The orc completely misses you.
You hear some strange, mumbled words.
A puff of flame appears from out of thin air!
The puff of flame hits you.
You die...

......####.#>.#.#.....#
#..........####.#.....#
#.......##.####.#.....#
#.......##.##.........#
#.......+..##.#.#......
#.......#####.#.#########
........#.......†..P..P..
........#.###.##......P..
#.......# #.....♣{P..P.P.
+.......# #....{So.......
#.......# #..........PP.P
######### #..P.......PP..
# .....PP....PPPPP #
.......P..P..P.P #
..........P.>..
...P.P..P..P..P


You could see a water moccasin and an orc.

Vanquished Creatures
  Gastronok (D:8)
  Joseph (D:8)
  Maurice (D:8)
  A wyvern (D:8)
  6 yaks (D:5)
  A steam dragon (D:6)
  Duvessa (D:7)
  3 water moccasins (D:8)
  An orc warrior (D:7)
  An ice beast (D:6)
  5 black bears
  3 ogres
  2 centaurs
  2 phantoms
  A kobold brigand (D:6)
  5 scorpions
  2 wyvern zombies (D:5)
  3 bullfrogs
  A gnoll sergeant (D:7)
  4 wights (D:7)
  Dowan (D:7)
  5 killer bees (D:8)
  2 jellies (D:5)
  6 orc priests
  3 hounds
  2 iguanas
  9 orc wizards
  Ijyb (D:4)
  2 scorpion zombies (D:5)
  2 hound zombies (D:5)
  Robin (D:4)
  6 gnolls (D:7)
  5 adders
  3 shadow imps
  2 worms (D:2)
  3 dart slugs
  43 orcs
  5 ball pythons
  4 bats
  2 endoplasms
  3 giant cockroaches
  11 goblins
  13 hobgoblins
  7 jackals
  4 quokkas
  7 frilled lizards
  16 kobolds
  3 rats
216 creatures vanquished.

Notes
Turn   | Place    | Note
-------+----------+-------------------------------------------
     0 | D:1      | Arctor the Minotaur Fighter began the quest for the Orb.
     0 | D:1      | Reached XP level 1. HP: 19/19 MP: 0/0
   206 | D:1      | Reached XP level 2. HP: 27/27 MP: 1/1
   300 | D:1      | You fall into a shaft and drop 1 floor!
   342 | D:2      | Reached XP level 3. HP: 18/33 MP: 2/2
  1161 | D:3      | Reached XP level 4. HP: 37/40 MP: 3/3
  1538 | D:3      | Found a shimmering altar of Xom.
  1758 | D:3      | Found a burning altar of Makhleb.
  1815 | D:4      | Noticed a black bear
  1832 | D:4      | Killed a black bear
  1833 | D:4      | Reached XP level 5. HP: 21/47 MP: 4/4
  1838 | D:4      | Reached skill level 5 in Shields
  1844 | D:4      | Reached skill level 5 in Fighting
  1844 | D:4      | Reached skill level 5 in Armour
  1965 | D:4      | Found Wezonun's Antique Weapon Shop.
  2029 | D:4      | Noticed a phantom
  2034 | D:4      | Reached XP level 6. HP: 36/56 MP: 5/5
  2382 | D:4      | Found a shimmering blue altar of Sif Muna.
  2393 | D:4      | Reached skill level 5 in Axes
  2393 | D:4      | Reached XP level 7. HP: 44/62 MP: 6/6
  2469 | D:4      | Noticed Robin
  2470 | D:4      | Noticed Ijyb
  2474 | D:4      | Killed Ijyb
  2483 | D:4      | Killed Robin
  2677 | D:4      | Found an ancient bone altar of Kikubaaqudgha.
  2678 | D:4      | Found a hide-covered altar of Uskayaw.
  2679 | D:4      | Found a blossoming altar of Fedhas.
  2681 | D:4      | Found an opulent altar of Gozag.
  2784 | D:3      | Became a worshipper of Makhleb the Destroyer
  2856 | D:5      | Entered Level 5 of the Dungeon
  2900 | D:5      | Found a basalt altar of Yredelemnul.
  3352 | D:5      | Reached XP level 8. HP: 59/71 MP: 7/7
  3768 | D:5      | Reached XP level 9. HP: 59/81 MP: 8/8
  3935 | D:5      | Found a staircase to the Ecumenical Temple.
  3993 | D:5      | Reached * piety under Makhleb
  4033 | D:5      | Found an ornate altar of the Wu Jian Council.
  5141 | D:7      | Noticed Dowan
  5142 | D:7      | Noticed Duvessa
  5147 | D:7      | Killed Dowan
  5158 | D:7      | Killed Duvessa
  5158 | D:7      | Reached ** piety under Makhleb
  5376 | D:7      | Found a radiant altar of Vehumet.
  5692 | D:7      | Identified the +11 falchion "Pedulleck" {pain, rElec}
  6029 | D:8      | Reached XP level 10. HP: 85/87 MP: 9/9
  6066 | D:8      | Noticed Joseph
  6079 | D:8      | Killed Joseph
  6413 | D:8      | Found a white marble altar of Elyvilon.
  6443 | D:8      | Noticed Maurice
  6443 | D:8      | Paralysed by Maurice for 4 turns
  6470 | D:8      | Killed Maurice
  6639 | D:8      | Noticed Gastronok
  6661 | D:8      | Killed Gastronok
  6662 | D:8      | Reached skill level 10 in Fighting
  6662 | D:8      | Reached skill level 10 in Armour
  6662 | D:8      | Reached skill level 10 in Shields
  6921 | D:8      | Found a staircase to the Lair.
  6922 | D:8      | Noticed Erica
  6929 | D:8      | Reached skill level 10 in Axes
  6958 | D:8      | Paralysed by something for 3 turns
  6959 | D:8      | HP: 3/141 [something/lance of force (11)]
  6961 | D:8      | HP: 1/141 [poisoned by a water moccasin]
  6966 | D:8      | HP: 2/141 [something (1)]
  6967 | D:8      | Killed from afar by an orc wizard

Illustrated notes

Levels and vault maps discovered:
D:1:      psy_arrival_conway, layout_rooms,
          hellmonk_ecumenical_altar_arch_garden,
          hangedman_decor_clover_reticule, grunt_decor_one_mirror
D:2:      layout_loops_cross, minmay_guardbox
D:3:      layout_loops_ring, tgw_xom, lightli_temple_of_fire, hex_large
D:4:      layout_rooms, minitemple, serial_shops, shop, nicolae_goblin_pals
D:5:      layout_basic, kennysheep_mini_moat, nicolae_yredelemnul_corpse_copse,
          minmay_temple_entry_statues_pillars, enter_ossuary_2, uniq_ijyb
D:6:      layout_gridville
D:7:      layout_cave_pools, vehumet_statue, nicolae_zen_rock_garden,
          st_stairs_14, dreamdust_gnoll_farm, uniq_crazy_yiuf_cottage,
          uniq_duvessa
D:8:      layout_basic, elyvilon_altar_1, due_lair_maze_entry_diamond,
          serial_shops, shop_fountains, uniq_joseph, uniq_gastronok, uniq_erica,
          uniq_maurice

Skill      XL: |  1  2  3  4  5  6  7  8  9 10 |
---------------+-------------------------------+-----
Fighting       | 4 5 6 7 9 10 | 10.5
Shields        | 4 5 6 8 9 10 | 10.5
Armour         | 4 5 6 8 9 10 | 10.5
Axes           | 3 4 5 6 7 9 10 | 10.2

Action                     |  1- 3 |  4- 6 |  7- 9 | 10-12 || total
---------------------------+-------+-------+-------+-------++-------
  Melee: War axe           |    75 |    82 |   282 |   111 ||   550
         Headbutt          |     7 |    11 |    60 |    17 ||    95
    Use: Scroll            |     2 |     2 |       |       ||     4
         Potion            |       |       |     3 |    11 ||    14
 Armour: Scale mail        |    58 |    55 |    46 |       ||   159
         Ring mail         |       |       |   142 |    60 ||   202
         Skin              |       |       |       |    48 ||    48
  Dodge: Dodged            |    47 |    41 |   110 |    42 ||   240
  Block: Buckler           |    18 |    17 |    73 |    35 ||   143
